Map: El Dorado

Players

LiquidClem (Clem) - Winner!

  • Race: Terran Terran
  • League: Grandmaster
  • Spawn Location: 5:00

SKillous

  • Race: Protoss Protoss
  • League: Grandmaster
  • Spawn Location: 7:00

VOD

Have the link to the VOD?

Description

Time

  • Played on: Jan. 22, 2025, 9:55 a.m.
  • Length: 10:48
Show
View Real Time Build Order
Export as new Build Order

LiquidClem Terran - Winner!

Build Orders: Reaper Expand 

Get SALT Encoding   

  12  0:00  SCV  
  13  0:12  SCV  
  14  0:17  Supply Depot  
  14  0:24  SCV  
  15  0:39  SCV  
  15  0:40  Barracks  
  16  0:45  Refinery  
  16  0:51  SCV  
  17  1:03  SCV  
  18  1:15  SCV  
  19  1:28  Reaper, Orbital Command  
  20  1:43  Command Center  
  20  1:49  Supply Depot  
  20  1:54  SCV  
  20  1:59  Marine  
  22  2:07  SCV  
  23  2:10  Factory  
  23  2:19  Bunker  
  23  2:20  SCV  
  23  2:22  Barracks Reactor  
  24  2:27  Refinery  
  24  2:32  SCV  
  26  2:44  SCV  
  26  2:54  Hellion  
  26  2:56  Orbital Command  
  26  2:58  Marine x2  
  28  2:59  SCV  
  28  3:03  Starport  
  31  3:11  SCV  
  32  3:17  Marine  
  33  3:20  Factory Tech Lab  
  33  3:21  SCV  
  33  3:24  SCV  
  35  3:30  Supply Depot  
  35  3:33  SCV  
  36  3:36  Marine x2, SCV  
  39  3:45  SCV  
  39  3:46  Factory Tech Lab  
  39  3:47  Raven  
  42  3:48  Barracks  
  42  3:49  SCV  
  43  3:57  Marine x2  
  43  3:58  SCV  
  43  4:01  SCV  
  47  4:06  Siege Tank  
  47  4:09  Supply Depot  
  49  4:10  SCV  
  49  4:13  SCV  
  51  4:18  Barracks  
  51  4:22  SCV  
  51  4:23  Marine  
  51  4:24  Marine  
  54  4:26  Engineering Bay  
  54  4:27  Supply Depot  
  54  4:30  SCV  
  55  4:33  Refinery  
  55  4:34  SCV  
  54  4:40  Siege Tank  
  54  4:41  Marine x2  
  54  4:43  SCV  
  60  4:46  SCV, Stimpack  
  60  4:49  Marauder  
  60  4:52  Supply Depot  
  63  4:55  SCV  
  63  4:59  Marine x2, SCV  
  67  5:05  Terran Infantry Weapons Level 1  
  67  5:07  Supply Depot  
  67  5:08  SCV  
  67  5:10  Refinery  
  67  5:11  SCV  
  71  5:14  Marauder  
  71  5:17  Combat Shield  
  71  5:20  SCV  
  72  5:29  Command Center  
  72  5:34  Marauder  
  74  5:35  Marine  
  74  5:36  Marine, Supply Depot  
  74  5:39  Factory Reactor  
  74  5:40  Starport Reactor  
  78  5:43  Marauder  
  78  5:47  Supply Depot  
  78  5:48  SCV  
  78  5:49  SCV  
  80  5:53  Marine  
  80  5:54  Marine  
  80  5:56  Marauder  
  84  6:02  SCV x2  
  88  6:04  Marauder  
  88  6:08  Missile Turret  
  88  6:13  Marine  
  88  6:14  Marine  
  88  6:16  Medivac, Widow Mine x2  
  88  6:17  Medivac  
  98  6:19  Supply Depot  
  98  6:25  Barracks  
  98  6:26  Barracks  
  98  6:30  Supply Depot  
  100  6:33  Marauder  
  100  6:36  Marauder  
  102  6:40  Marine x2, SCV  
  102  6:41  SCV  
  102  6:43  Orbital Command  
  102  6:45  Widow Mine  
  108  6:48  Widow Mine  
  108  6:52  Medivac  
  108  6:53  Concussive Shells  
  112  6:56  Medivac  
  112  6:57  SCV  
  112  7:00  SCV  
  116  7:01  Supply Depot  
  116  7:03  Marauder  
  117  7:09  Widow Mine, SCV  
  117  7:12  SCV, Supply Depot  
  117  7:14  Marine x2  
  126  7:16  Widow Mine  
  126  7:18  Barracks Reactor, Barracks Tech Lab  
  126  7:21  SCV  
  126  7:24  Terran Infantry Armor Level 1  
  126  7:26  Supply Depot  
  126  7:27  SCV, Orbital Command  
  127  7:31  Marauder  
  127  7:33  Marauder  
  130  7:39  Marauder  
  130  7:41  SCV  
  132  7:45  Marine x2  
  132  7:46  SCV  
  132  7:52  Marauder  
  132  7:53  SCV x2  
  132  7:54  Marauder  
  132  7:57  Marine x2  
  140  7:59  SCV, Supply Depot  
  140  8:02  Marauder  
  140  8:05  SCV x2  
  144  8:08  Marine x2, Supply Depot  
  144  8:11  SCV  
  148  8:13  Marauder  
  148  8:14  Marine  
  148  8:15  Marine, Marauder  
  148  8:17  Bunker  
  154  8:22  Supply Depot  
  154  8:23  Marauder  
  154  8:24  Supply Depot  
  154  8:25  Widow Mine  
  154  8:26  Widow Mine  
  160  8:32  Medivac x2  
  160  8:33  Marine x2  
  164  8:35  Marauder  
  164  8:38  Marine  
  154  8:43  Marine  
  154  8:44  Marauder  
  154  8:46  Marauder  
  154  8:47  Widow Mine x2  
  154  8:48  SCV  
  134  8:50  Marine, SCV  
  134  8:51  Marine  
  134  8:52  SCV  
  132  8:56  Marine  
  132  9:00  SCV  
  132  9:01  Marine  
  135  9:03  Ghost Academy, SCV, Marauder  
  135  9:04  SCV  
  135  9:05  Marauder  
  141  9:11  Armory  
  141  9:12  Engineering Bay  
  141  9:13  SCV  
  141  9:15  SCV  
  143  9:20  SCV  
  142  9:24  Marauder  
  142  9:25  SCV  
  142  9:27  SCV  
  145  9:32  Marine x2  
  145  9:36  Ghost, SCV  
  151  9:39  Ghost  
  151  9:44  Marine x2  
  152  9:47  Widow Mine x2  
  152  9:48  Medivac  
  152  9:51  Medivac  
  153  9:53  Marine x2  
  153  9:55  SCV  
  153  9:57  Ghost  
  154  10:01  Marine  
  154  10:04  Marine, Refinery  
  148  10:06  Refinery  
Show
View Real Time Build Order
Export as new Build Order

SKillous Protoss 

Build Orders: 1 Gate Expand, Blink Stalkers 

Get SALT Encoding   

  12  0:00  Probe  
  13  0:12  Probe  
  14  0:19  Pylon  
  14  0:24  Probe  
  15  0:33  Probe  
  15  0:37  Gateway  
  16  0:42  Probe  
  16  0:43  Assimilator  
  17  0:54  Probe  
  18  1:06  Probe  
  19  1:18  Probe  
  20  1:24  Cybernetics Core  
  20  1:35  Nexus  
  20  1:38  Probe  
  21  1:45  Pylon  
  21  1:50  Assimilator  
  21  1:53  Probe  
  22  1:54  Adept  
  22  2:02  Warp Gate  
  24  2:08  Probe  
  25  2:20  Probe  
  26  2:24  Twilight Council  
  26  2:26  Stalker  
  26  2:33  Probe  
  26  2:36  Blink  
  29  2:41  Gateway  
  29  2:48  Probe  
  29  2:50  Probe  
  30  3:00  Probe  
  30  3:02  Probe  
  32  3:12  Probe  
  33  3:14  Probe  
  34  3:24  Probe  
  34  3:26  Probe  
  36  3:31  Robotics Facility  
  34  3:36  Probe  
  34  3:39  Probe  
  36  3:42  Gateway  
  36  3:49  Probe  
  36  3:50  Stalker  
  36  3:51  Stalker  
  42  3:55  Probe  
  42  4:01  Probe  
  42  4:02  Pylon  
  43  4:07  Probe  
  43  4:09  Warp Prism  
  44  4:13  Probe  
  45  4:22  Pylon  
  47  4:25  Pylon  
  47  4:27  Stalker  
  50  4:31  Probe  
  50  4:41  Nexus  
  50  4:43  Probe  
  51  4:46  Observer, Probe  
  51  4:51  Stalker  
  55  4:55  Probe  
  55  4:58  Probe  
  55  4:59  Assimilator  
  57  5:04  Observer, Stalker x2  
  62  5:14  Probe x2  
  62  5:17  Pylon  
  62  5:18  Charge  
  62  5:20  Forge  
  64  5:29  Stalker x2  
  64  5:30  Probe  
  64  5:31  Probe  
  70  5:42  Probe  
  70  5:43  Probe, Protoss Ground Weapons Level 1  
  66  5:52  Probe x2  
  66  5:53  Probe  
  69  6:00  Probe x2  
  69  6:01  Probe  
  69  6:08  Probe  
  69  6:09  Probe x2  
  69  6:11  Gateway x2  
  72  6:12  Gateway  
  72  6:17  Probe  
  75  6:21  Probe x2  
  75  6:24  Gateway  
  75  6:25  Probe  
  78  6:27  Gateway  
  78  6:28  Observer  
  78  6:30  Sentry  
  82  6:33  Pylon, Probe  
  82  6:37  Probe  
  82  6:39  Probe  
  83  6:42  Shield Battery  
  83  6:45  Probe  
  83  6:46  Pylon  
  84  6:51  Probe  
  84  6:53  Templar Archives  
  85  6:55  Zealot x3  
  85  6:59  Probe  
  85  7:00  Immortal, Assimilator  
  92  7:01  Shield Battery  
  92  7:13  Pylon  
  96  7:16  Psionic Storm  
  96  7:18  Shield Battery  
  96  7:20  Pylon  
  96  7:30  Zealot x6  
  96  7:32  Protoss Ground Weapons Level 2  
  98  7:40  Immortal  
  102  7:48  Probe  
  99  7:52  Probe  
  99  7:54  High Templar  
  103  8:05  Nexus  
  104  8:08  Pylon, High Templar  
  104  8:10  Zealot x6  
  116  8:19  Probe  
  114  8:28  Pylon x2  
  114  8:29  Zealot  
  112  8:35  Zealot x6  
  111  8:43  Immortal  
  111  8:46  Archon  
  111  8:48  Zealot  
  93  8:53  Observer  
  93  8:54  Zealot  
  81  8:55  Zealot  
  81  8:56  Zealot x5  
  81  8:57  Probe x2  
  81  8:58  Probe  
  93  9:08  High Templar  
  93  9:09  Probe  
  96  9:19  Zealot x7  
  109  9:28  Warp Prism  
  107  9:33  Gateway  
  107  9:38  Gateway  
  107  9:39  Zealot x4  
  114  9:51  Zealot x4  
  96  10:01  Zealot x3  
  96  10:02  Zealot  
  96  10:04  Immortal  
Tags
 
Add a new tag
Caveats
  • Supply blocks, unpowered buildings, or Contaminate may cause inaccurate times.
  • Supply counts are checked every 10 seconds.